 Dungeon Crawl Stone Soup version 0.31-a0-672-g7da72447bb (webtiles) character file.

Game seed: 1870501200575823658

1941 garrulousMonolith the Digger (level 8, -4/67 HPs)
             Began as a Yellow Draconian Earth Elementalist on Sept 4, 2023.
             Was a Follower of Vehumet.
             Slain by a sky beast (5 damage)
             ... on level 7 of the Dungeon.
             The game lasted 00:12:06 (7914 turns).

garrulousMonolith the Digger (DrEE)                 Turns: 7914, Time: 00:12:07

Health: -4/67      AC:  9    Str: 10    XL:     8   Next: 98%
Magic:  1/14       EV: 13    Int: 18    God:    Vehumet [*.....]
Gold:   285        SH:  0    Dex: 12    Spells: 9/15 levels left

rFire   . . .        n - +0 dagger
rCold   . . .        (no shield)
rNeg    . . .        (body armour unavailable)
rPois   .            (helmet restricted)
rElec   .            u - +0 cloak
rCorr   +            l - +0 pair of gloves
SInv    .            g - +0 pair of boots
Will    +....        (no amulet)
Stlth   ++           (no ring)
HPRegen 0.31/turn    (no ring)
MPRegen 0.14/turn

%: no passive effects
@: about to teleport, enlightened, flying
A: spit acid, AC +6, unfitting armour, cold-blooded, acid resistance
a: Breathe Acid, Renounce Religion


You were on level 7 of the Dungeon.
You worshipped Vehumet.
Vehumet was aware of your devotion.
You visited 2 branches of the dungeon, and saw 8 of its levels.

You collected 504 gold pieces.
You spent 219 gold pieces at shops.

Inventory:

Hand Weapons
 e - a +0 short sword
 n - a +0 dagger (weapon)
 p - a +0 eveningstar
 y - a +2 spear of flaming
Armour
 g - a +0 pair of boots (worn)
 l - a +0 pair of gloves (worn)
 u - a +0 cloak (worn)
Wands
 h - a wand of acid (7)
 m - a wand of flame (14)
 s - a wand of charming (4)
Scrolls
 c - 2 scrolls of poison
 d - a scroll of brand weapon {unknown}
 f - 2 scrolls of butterflies {unknown}
 i - 2 scrolls of enchant armour {unknown}
 j - 3 scrolls of teleportation
 k - 3 scrolls of identify
 r - a scroll of enchant weapon {unknown}
 v - a scroll of fog {unknown}
 w - 2 scrolls of fear {unknown}
Potions
 a - 2 potions of magic
 o - a potion of curing {unknown}
 q - 2 potions of brilliance
 t - a potion of lignification
 x - a potion of attraction {unknown}


   Skills:
 + Level 4.8 Fighting
 + Level 4.4 Dodging
 - Level 1.7 Stealth
 + Level 4.3 Spellcasting
 * Level 6.2 Transmutations
 * Level 6.8 Earth Magic


You had 9 spell levels left.
You knew the following spells:

 Your Spells              Type           Power      Damage    Failure   Level
a - Sandblast             Erth           56%        2d13      1%          1
b - Stone Arrow           Conj/Erth      32%        3d9       11%         3
c - Passwall              Tmut/Erth      22%        N/A       1%          2

Your spell library contained the following spells:

 Spells                   Type           Power      Damage    Failure   Level
 Freeze                   Ice            12%        1d3       14%         1
 Petrify                  Tmut/Erth      27%        N/A       10%         4
 Magic Dart               Conj           12%        1d3       14%         1
 Ignite Poison            Fire/Tmut/Pois 11%        N/A       19%         3
 Cigotuvi's Dreadful Rot  Necr/Pois/Air  6%         N/A       22%         2
 Lesser Beckoning         Tloc           6%         N/A       22%         2
 Searing Ray              Conj           6%         2d4       22%         2
 Leda's Liquefaction      Hex/Erth       8%         N/A       34%         4
 Call Canine Familiar     Summ           3%         N/A       38%         3
 Gell's Gravitas          Tloc           3%         N/A       38%         3
 Portal Projectile        Hex/Tloc       6%         N/A       38%         3
 Teleport Other           Tloc           3%         N/A       38%         3
 Fulminant Prism          Conj/Hex       1%         3d5       80%         4
 Freezing Cloud           Conj/Ice/Air   1%         6-21      98%         5
 Lehudib's Crystal Spear  Conj/Erth      8%         10d3      100%        8
 Animate Armour           Summ/Erth      Unusable   N/A       N/A         4

Dungeon Overview and Level Annotations

Branches:
Dungeon (7/15)             Temple (1/1) D:4

Altars:
Ashenzari
Cheibriados
Dithmenos
Elyvilon
Fedhas
Gozag
Hepliaklqana
Kikubaaqudgha
Makhleb
Nemelex Xobeh
Okawaru
Qazlal
Sif Muna
Trog
Uskayaw
Vehumet
Wu Jian
Xom
Zin
The Shining One

Shops:
D:1 *   D:4 (   D:6 (?*[   D:7 ?


Innate Abilities, Weirdness & Mutations

You can spit globs of acid.
Your golden yellow scales are hard. (AC +6)
You cannot fit into any form of body armour.
You are cold-blooded and may be slowed by cold attacks.
You are resistant to acid. (rCorr)


Message History

Aiming: Sandblast (safe; 1% risk of failure)
Press: ? - help, Shift-Dir - straight line, f/p - orc wizard
Aim: an orc wizard, wielding a +0 spear and wearing a +0 robe (almost dead, 79% to hit)
The blast of sand hits something.
Something hits you. Something shocks you.
The orc wizard points at you and mumbles some strange words.
The puff of flame hits something!
Something hits you but does no damage. The orc wizard completely misses you.
Something hits you but does no damage.
You hit the orc wizard.
You tail-slap the orc wizard, but do no damage.
The orc wizard is almost dead.
The orc wizard points at you and mumbles some strange words.
The puff of flame hits you.
A sky beast appears from thin air!
Reactivating autopickup.
The sky beast hits you. The sky beast shocks you.
* * * LOW HITPOINT WARNING * * *
You barely miss the orc wizard.
You tail-slap the orc wizard, but do no damage.
The orc wizard is almost dead.
The orc wizard barely misses you. The sky beast hits you.
* * * LOW HITPOINT WARNING * * *
The sky beast shocks you.
* * * LOW HITPOINT WARNING * * *
Something hits you.
* * * LOW HITPOINT WARNING * * *
Something shocks you.
* * * LOW HITPOINT WARNING * * *
Deactivating autopickup; reactivate with Ctrl-A.
It was a potion of enlightenment.
You feel very buoyant.
You fly up into the air.
The orc wizard barely misses you.
The sky beast flickers out of sight!
Something completely misses you. Something hits you but does no damage.
As you read the scroll of teleportation, it crumbles to dust.
You feel strangely unstable. The orc wizard barely misses you.
Something barely misses you. Something hits you but does no damage.
The orc wizard hits you but does no damage.
Something hits you but does no damage. Something hits you.
* * * LOW HITPOINT WARNING * * *
Something shocks you.
You die...

.........# ####
#.........#
.........#
##.........#
..........#
###..........#
..........#
###............#
#..........#####
.......#..........#
≈#......#..........#
~§#.....+..........#
§§≈.)...#.{@.......#
.~≈...>.#..........#
.~≈.....###o.....###
#~≈..o..# #......#
.~≈...?.# #......#
§~≈#..{Y###..)...#
≈§...............#
≈#§..............#
.................#


You could see an orc wizard.

Vanquished Creatures
  Grinder (D:3)
  2 acid dragons
  A sky beast (D:7)
  A black bear (D:6)
  An ogre (D:6)
  2 phantoms
  4 bullfrogs
  3 scorpions
  A howler monkey (D:6)
  2 hounds
  Crazy Yiuf (D:4)
  An orc priest (D:5)
  A jelly (D:5)
  2 sleepcaps
  Natasha (thrice) (D:2)
  5 iguanas
  4 orc wizards
  2 adders
  2 gnolls (D:7)
  3 white imps (D:6)
  An ufetubus (D:5)
  4 dart slugs
  14 orcs
  A bat (D:1)
  8 endoplasms
  3 giant cockroaches (D:1)
  7 goblins
  7 hobgoblins
  4 jackals
  10 kobolds
  5 quokkas
  6 ball pythons
  2 frilled lizards
  8 rats
122 creatures vanquished.

Notes
Turn   | Place    | Note
-------+----------+-------------------------------------------
     0 | D:1      | garrulousMonolith the Draconian Earth Elementalist began
                  | the quest for the Orb.
     0 | D:1      | Reached XP level 1. HP: 14/14 MP: 3/3
   194 | D:1      | Reached XP level 2. HP: 22/22 MP: 3/5
   480 | D:1      | Reached skill level 1 in Fighting
   806 | D:1      | Found Deinyl Enli's Assorted Antiques.
   813 | D:1      | Reached XP level 3. HP: 28/28 MP: 2/6
  1173 | D:2      | Learned a level 2 spell: Passwall
  1177 | D:2      | Learned a level 3 spell: Stone Arrow
  1204 | D:2      | Noticed Natasha
  1207 | D:2      | Killed Natasha
  1230 | D:2      | Noticed Natasha
  1231 | D:2      | Killed Natasha
  1232 | D:2      | Reached XP level 4. HP: 35/35 MP: 5/7
  1668 | D:2      | Noticed Natasha
  1677 | D:2      | Killed Natasha
  2141 | D:3      | Found a faded altar of an unknown god.
  2325 | D:3      | Noticed Grinder
  2332 | D:3      | Paralysed by Grinder for 5 turns
  2340 | D:3      | Killed Grinder
  2341 | D:3      | Reached XP level 5. HP: 32/42 MP: 0/9
  2341 | D:3      | Reached XP level 6. HP: 38/50 MP: 0/10
  2638 | D:3      | Found a glowing golden altar of the Shining One.
  2691 | D:4      | Found a staircase to the Ecumenical Temple.
  2705 | Temple   | Entered the Ecumenical Temple
  2760 | Temple   | Became a worshipper of Vehumet
  2786 | D:4      | Found a shimmering altar of Xom.
  2965 | D:4      | Found Torisiyph's Weapon Shoppe.
  3389 | D:4      | Your scales start taking on a golden yellow colour.
  3389 | D:4      | Reached XP level 7. HP: 57/57 MP: 7/11
  3389 | D:4      | Gained mutation: You are resistant to acid. (rCorr) [Yellow
                  | Draconian growth]
  3390 | D:4      | Reached * piety under Vehumet
  3390 | D:4      | Offered knowledge of Freeze by Vehumet.
  3508 | D:4      | Found a blossoming altar of Fedhas.
  3759 | D:4      | Found a runed translucent door.
  3760 | D:4      | Noticed Crazy Yiuf
  4117 | D:4      | Killed Crazy Yiuf
  4236 | D:5      | Entered Level 5 of the Dungeon
  4241 | D:5      | Reached skill level 5 in Earth Magic
  5774 | D:6      | Reached XP level 8. HP: 66/66 MP: 1/13
  5881 | D:6      | Found Myoduot's Assorted Antiques.
  5951 | D:6      | Reached skill level 5 in Transmutations
  6143 | D:6      | Bought a blackened garnet amulet for 135 gold pieces
  6430 | D:6      | Found Soneeqorch's Weapon Shop.
  6521 | D:6      | Found Nacruest's Magic Scroll Shoppe.
  6804 | D:6      | Found Vunashrac's Armour Emporium.
  7301 | D:7      | Found Vefos's Magic Scroll Shop.
  7402 | D:7      | Bought a scroll of teleportation for 42 gold pieces
  7402 | D:7      | Bought a scroll of teleportation for 42 gold pieces
  7914 | D:7      | HP: 1/67 [something (4)]
  7914 | D:7      | Slain by a sky beast

Illustrated notes

Levels and vault maps discovered:
D:1:      lightli_arrival_statue_moat, layout_loops_ring, serial_shops,
          nicolae_shop_overgrown_old_shop, grunt_decor_one_mirror,
          minmay_close_crescents
D:2:      layout_loops_ring, uniq_natasha
D:3:      layout_basic, nicolae_tso_swordbearing_angel,
          hellmonk_ecumenical_altar_pennies_from_heaven,
          chequers_serial_rivers_micro_a, uniq_grinder
D:4:      layout_loops_ring, fedhas_altar_decomposition,
          minmay_temple_entry_drinking_statues, serial_shops,
          nicolae_shop_hallway_plus, minmay_ruined_shrine,
          uniq_crazy_yiuf_cottage
D:5:      layout_cave_pods
D:6:      black_bear_nest_1, layout_loops_ring, serial_shops,
          nicolae_shop_advertising_works [nicolae_subvault_shop_adworks],
          nicolae_stop_n_shop_2, kennysheep_mini,
          nicolae_shop_tiny_real_fake_doors
D:7:      layout_basic, minivault_10, nicolae_stop_n_shop_2,
          hangedman_misty_isle
Temple:   dpeg_three_leaves_temple

Skill      XL: |  1  2  3  4  5  6  7  8 |
---------------+-------------------------+-----
Fighting       | 1 2 3 4 |  4.8
Dodging        | 2 3 4 |  4.4
Transmutations | 2 3 4 6 |  6.2
Earth Magic    | 4 5 6 |  6.8
Spellcasting   | 3 4 |  4.3
Stealth        | |  1.7

Action                     |  1- 3 |  4- 6 |  7- 9 || total
---------------------------+-------+-------+-------++-------
  Melee: Short sword       |       |     1 |       ||     1
         Dagger            |       |       |    31 ||    31
         Tailslap          |       |       |     2 ||     2
   Cast: Sandblast         |    34 |    85 |    93 ||   212
         Stone Arrow       |       |     1 |    47 ||    48
         Passwall          |       |       |     2 ||     2
Ability: Breathe Acid      |       |       |     1 ||     1
    Use: Scroll            |     1 |     2 |     3 ||     6
         Potion            |       |       |     3 ||     3
 Armour: Skin              |     1 |    37 |    99 ||   137
  Dodge: Dodged            |     7 |    23 |    93 ||   123

Table legend: (Time is in decaauts)
 A = Elapsed time spent in this place.
 B = Non-inter-level travel time spent in this place.
 C = Inter-level travel time spent in this place.
 D = Time resting spent in this place.
 E = Time spent auto-exploring this place.
 F = Levels seen in this place.
 G = Mean time per level.
                   A        B        C        D        E       F      G
               +--------+--------+--------+--------+--------+-----+--------+
         Total |   8021 |   7831 |    190 |   1478 |   5472 |   8 | 1002.6 |
       Dungeon |   7952 |   7775 |    177 |   1436 |   5472 |   7 | 1136.0 |
        Temple |     68 |     55 |     13 |     42 |      0 |   1 |   68.0 |
               +--------+--------+--------+--------+--------+-----+--------+

Top non-repeatable levels by time:
     D:6: 1669 daAuts
     D:4: 1502 daAuts
     D:5: 1321 daAuts
     D:1: 1145 daAuts
     D:2: 846 daAuts
     D:3: 735 daAuts
     D:7: 731 daAuts
  Temple: 68 daAuts
